 Dungeon Crawl Stone Soup version 0.25.1-2-g60ff931df9 (webtiles) character file.

Game seed: 14275297034751470475

8 Exodus22XD the Poker (level 2, 22/22 HPs)
             Began as a Demonspawn Gladiator on Oct 31, 2020.
             Got out of the dungeon alive.
             The game lasted 00:00:21 (396 turns).

Exodus22XD the Poker (Demonspawn Gladiator)          Turns: 396, Time: 00:00:22

Health: 22/22      AC:  4    Str: 14    XL:     2   Next: 0%
Magic:  2/2        EV: 12    Int:  9    God:
Gold:   3          SH:  0    Dex: 14    Spells: 1/1 levels left

rFire    . . .     SeeInvis .   a - +0 trident
rCold    . . .     Gourm    .   (no shield)
rNeg     . . .     Faith    .   b - +0 leather armour
rPois    .         Spirit   +   c - +0 helmet
rElec    .         Reflect  .   (no cloak)
rCorr    .         Harm     .   (no gloves)
MR       .....                  (no boots)
Stlth    +.........             (no amulet)
HPRegen  0.07/turn              (no ring)
MPRegen  0.08/turn              (no ring)

@: no status effects
A: magic shield
a: no special abilities


You escaped.
You were not hungry.

You visited 1 branch of the dungeon, and saw 1 of its levels.

You collected 3 gold pieces.

Inventory:

Hand Weapons
 a - a +0 trident (weapon)
Missiles
 d - 3 throwing nets (quivered)
Armour
 b - a +0 leather armour (worn)
 c - a +0 helmet (worn)
Comestibles
 f - 3 rations


   Skills:
 + Level 2.0 Fighting
 + Level 3.0 Polearms
 - Level 1.7 Throwing
 + Level 2.7 Dodging
 + Level 0.2 Stealth


You had one spell level left.
You didn't know any spells.
Your spell library was empty.

Dungeon Overview and Level Annotations

Branches:
Dungeon (1/15)

Altars:


Innate Abilities, Weirdness & Mutations

When hurt, damage is shared between your health and your magic reserves.


Message History

A frilled lizard is nearby!
A frilled lizard is nearby!
Attack whom?
Press: ? - help, Dir - move target cursor, f - frilled lizard
Aim: a frilled lizard You reach to attack!
You puncture the frilled lizard!
You kill the frilled lizard!
You have reached level 2!
Your demonic ancestry asserts itself...
You feel your magical essence form a protective shroud around your flesh.
All of the chunks of flesh in your inventory have rotted away.
There is an open gate here.
There is a staircase leading out of the dungeon here.
Are you sure you want to leave the Dungeon?
This will make you lose the game!
Alright, then stay!
There is a staircase leading out of the dungeon here.
Are you sure you want to leave the Dungeon?
This will make you lose the game! [Y]es or [N]o only, please.
Are you sure you want to leave the Dungeon?
This will make you lose the game!
You have escaped!

#........................... #.
#........................... #.
#.....#####................. #.
#.....#...#.................
#.##.....#.8.#######...........
#.#......#.........#..♣.♣.♣.♣..
#.#......##........##..........
#.#..⌠....#.........'..........
#.....⌠...#...@.....'..........
#####..⌠....#.........'..........
...........##........##..........
.####......#.........#..♣.♣.♣.♣..
.# ##.....#.8.#######...........
.# #.....#...#.................
.# #.....#####.................
.# #...........................
.#####...........................


There were no monsters in sight!

Vanquished Creatures
  A giant cockroach (D:1)
  2 goblins (D:1)
  A hobgoblin (D:1)
  A frilled lizard (D:1)
  2 kobolds (D:1)
  A rat (D:1)
8 creatures vanquished.

Notes
Turn   | Place    | Note
-------+----------+-------------------------------------------
     0 | D:1      | Exodus22XD the Demonspawn Gladiator began the quest for the
                  | Orb.
     0 | D:1      | Reached XP level 1. HP: 16/16 MP: 1/1
   248 | D:1      | Reached skill level 3 in Polearms
   352 | D:1      | Gained mutation: When hurt, damage is shared between your
                  | health and your magic reserves. [demonic ancestry]
   352 | D:1      | Reached XP level 2. HP: 22/22 MP: 2/2
   396 | D:$      | Got out of the dungeon alive.

Illustrated notes

Levels and vault maps discovered:
D:1:      wander_arrival_estate, layout_loops_ring, st_stairs_9,
          solitary_fountain, lemuel_flame_loot_1

Skill      XL: |  1 |
---------------+----+-----
Polearms       | 3 |  3.0
Fighting       | |  2.0
Throwing       | |  1.7
Dodging        | |  2.7
Stealth        | |  0.2

Action                   || total
-------------------------++-------
Melee: Trident           ||    19
 Stab: Sleeping          ||     1
Dodge: Dodged            ||     8
